 Dungeon Crawl Stone Soup version 0.14-a0-817-g3f7b0b1 (webtiles) character file.

470 4tharraofdagon the Slasher (level 5, 2/41 HPs)
             Began as a Djinni Gladiator on Nov 12, 2013.
             Quit the game on Level 5 of the Dungeon.
             The game lasted 00:05:07 (1056 turns).

4tharraofdagon the Slasher (Djinni Gladiator)       Turns: 1056, Time: 00:05:07

HP   2/41        AC  8     Str 16      XL: 5   Next: 99%
MP   0/0         EV  7     Int 14      God:
Gold 205         SH 14     Dex 13      Spells:  0 memorised,  4 levels left

Res.Fire  : + + +   See Invis. : .   r - +3 falchion (curse)
Res.Cold  : x . .   Warding    : .   i - +1 dwarf ring mail
Life Prot.: + + +   Conserve   : .   e - +0 shield
Res.Poison: .       Res.Corr.  : .   c - +0 helmet
Res.Elec. : .       Clarity    : .   (no cloak)
Sust.Abil.: . .     Spirit.Shd : .   (no gloves)
Res.Mut.  : .       Stasis     : .   (boots unavailable)
Res.Rott. : .       Flight     : +   (no amulet)
Saprovore : . . .                    (no ring)
                                     (no ring)

@: brilliant, flying, very poisoned, slightly resistant to hostile enchantments,
very unstealthy
A: fire immunity, cold vulnerability, life protection 3
a: no special abilities


You were on level 5 of the Dungeon.
You were not hungry.

You visited 1 branch of the dungeon, and saw 6 of its levels.

You collected 205 gold pieces.

Inventory:

Hand weapons
 a - a +0,+0 falchion
 q - a +0,+0 falchion
 r - a cursed +3,+3 falchion (weapon)
Missiles
 m - 17 darts (quivered)
Armour
 b - a +0 leather armour
 c - a +0 helmet (worn)
 e - a +0 shield (worn)
 i - a +1 dwarven ring mail (worn)
Magical devices
 d - a wand of slowing (0)
Scrolls
 f - 2 scrolls of identify {unknown}
 g - 4 scrolls of teleportation {unknown}
 h - a scroll of enchant armour {unknown}
 j - 3 scrolls of remove curse {unknown}
 o - a scroll of fog {unknown}
 p - a scroll of curse armour {unknown}
 s - 2 scrolls of curse jewellery {unknown}
Jewellery
 k - an uncursed amulet of the gourmand


   Skills:
 + Level 3.0 Fighting
 * Level 5.2 Long Blades
 - Level 1.7 Throwing
 + Level 2.6 Armour
 - Level 2.6 Dodging
 + Level 1.7 Evocations


You had 4 spell levels left.
You didn't know any spells.

Dungeon Overview and Level Annotations

Branches:
Dungeon (6/27)
 Temple: D:4-7          Orc: D:6-11

Altars:
Fedhas

Shops:
D:5 [


Innate Abilities, Weirdness & Mutations

You are immune to all types of fire, even holy and hellish.
You are vulnerable to cold.
You need no food.
You have no legs.
You are immune to negative energy.


Message History

The centaur shoots a poisoned arrow.
The poisoned arrow hits you!
You are more poisoned.
The centaur shoots a poisoned arrow.
The poisoned arrow hits you!
You are more poisoned.
* * * LOW HITPOINT WARNING * * *
You see here 2 poisoned arrows.
Unknown command.
Enter note: :D Unknown command.
Search for what [? for help]? chain Unknown command.
Unknown command.
You aren't carrying any potions.
You aren't carrying any potions.
You aren't carrying any potions.
You aren't carrying any potions.
You aren't carrying any potions.
You aren't carrying any potions.
You aren't carrying any potions.
Are you sure you want to abandon this character and quit the game? (Confirm with "yes".)

..##........∩.######.
..#######)....# ####.
#.##.......#### #..(. #
#.##.......######.... #.
#.##................. #.
#.##.......######....
#####.###.##(......####......
.........(.(.............<...
#..........##@......####......
#.......(..##.................
......)......c......##########
..........##########
.....z....# .[........#
..)......# ........# .......#


You could see a centaur.

Vanquished Creatures
  Sigmund (D:3)
  A wight (D:5)
  An orc priest (D:5)
  A hound (D:5)
  A worker ant (D:4)
  2 adders (D:5)
  A giant mite (D:3)
  A worm (D:5)
  An adder skeleton (D:5)
  2 giant geckos
  2 orcs (D:5)
  A ball python (D:3)
  A hobgoblin (D:3)
  A quokka (D:5)
  5 bats
  A giant cockroach (D:1)
  2 giant newts (D:1)
  6 goblins
  A goblin skeleton (D:4)
  A hobgoblin skeleton (D:5)
  4 jackals (D:3)
  3 kobolds (D:1)
  A quokka skeleton (D:5)
  3 rats
44 creatures vanquished.

Vanquished Creatures (others)
  A bat (D:1)
1 creature vanquished.

Grand Total: 45 creatures vanquished

Notes
Turn   | Place    | Note
--------------------------------------------------------------
     0 | D:1      | 4tharraofdagon, the Djinni Gladiator, began the quest for the Orb.
     0 | D:1      | Reached XP level 1. HP: 15/15 MP: 0/0
   154 | D:1      | Reached XP level 2. EP: 12/21
   321 | D:3      | Reached skill level 1 in Armour
   347 | D:3      | Noticed Sigmund
   438 | D:3      | Killed Sigmund
   438 | D:3      | Reached skill level 4 in Long Blades
   438 | D:3      | Reached XP level 3. EP: 21/27
   438 | D:3      | Reached XP level 4. EP: 26/34
   498 | D:3      | Found a blossoming altar of Fedhas.
   696 | D:3      | Found a blossoming altar of Fedhas.
   710 | D:5      | Entered Level 5 of the Dungeon
   760 | D:5      | Reached skill level 1 in Evocations
   760 | D:5      | Reached XP level 5. EP: 36/41
   883 | D:5      | Reached skill level 5 in Long Blades
   975 | D:4      | Noticed a slave
   987 | D:5      | Found Liotiy's Antique Armour Shoppe.
  1044 | D:5      | Noticed a centaur
  1055 | D:5      | HP: 2/41 [centaur/ poisoned arrow (11)]
  1056 | D:5      | :D
  1056 | D:5      | Quit the game

Action                   |  1- 3 |  4- 6 || total
-------------------------+-------+-------++-------
Melee: Falchion          |    97 |    86 ||   183
Throw: Throwing net      |     8 |     1 ||     9
       Dart              |     1 |       ||     1
  Use: Potion            |     1 |     2 ||     3
 Stab: Held in net/web   |     2 |       ||     2
